[Event "Czech Extraliga 2023-24"]
[Site "Czech Republic"]
[Date "2024.04.07"]
[Round "11.6"]
[White "Rydl, Jiri"]
[Black "Biolek, Richard Jr."]
[Result "1/2-1/2"]
[ECO "E05"]
[WhiteElo "2397"]
[BlackElo "2418"]
[Annotator "TA"]
[PlyCount "59"]
[EventDate "2023.10.14"]
[EventCountry "CZE"]
[SourceTitle "playchess.com"]
[Source "ChessBase"]
[SourceQuality "1"]
[TimeControl "40/5400+30:1800+30"]

1. c4 e6 2. g3 Nf6 3. Bg2 d5 4. Nf3 Be7 5. O-O O-O 6. d4 dxc4 7. Qc2 b5 8. a4 Bb7 9. axb5 a6 10. Nc3 {[%emt 0:09:11] Repels Be4. White has an edge.} (10. Qxc4 $2 {is the wrong capture.} axb5 11. Qxb5 Bc6 (11... Rxa1 $2 12. Qxb7 Rxb1 13. Qa8 $19) 12. Rxa8 Bxb5 $19) 10... axb5 11. Rxa8 Bxa8 12. Nxb5 Bd5 13. Nc3 Bxf3 14. Bxf3 Qxd4 15. Rd1 Qe5 16. Bf4 Qa5 17. Qa4 Qxa4 18. Nxa4 Rd8 19. Rc1 Bd6 20. Rxc4 Nbd7 21. Bxd6 cxd6 22. Bb7 d5 23. Rc6 Ne8 24. f4 Rb8 25. Bc8 Ndf6 26. Nb6 Kf8 27. b4 Ke7 28. Ba6 Nd6 29. Rc7+ (29. b5 $15) 29... Kd8 $17 30. Rc6 {[%emt 0:00:10] Weighted Error Value: White=0.10 (very precise) /Black=0.05 (flawless) .  Mistake:       	White=1     	---        Inaccurate:     	White=3     	Black=2      OK:         	White=7     	Black=10     Best:        	White=2     	Black=2} 1/2-1/2

[Event "Czech Extraliga 2023-24"]
[Site "Czech Republic"]
[Date "2024.04.07"]
[Round "11.6"]
[White "Smolik, Jachym"]
[Black "Gnojek, Petr"]
[Result "1/2-1/2"]
[ECO "B08"]
[WhiteElo "2351"]
[BlackElo "2428"]
[Annotator "TA"]
[PlyCount "109"]
[EventDate "2023.10.14"]
[EventCountry "CZE"]
[SourceTitle "playchess.com"]
[Source "ChessBase"]
[SourceQuality "1"]
[TimeControl "40/5400+30:1800+30"]

1. d4 d6 2. e4 Nf6 3. Nc3 g6 4. Nf3 Bg7 5. Be2 O-O 6. O-O e6 7. e5 dxe5 8. Nxe5 Nfd7 9. Nf3 {[%emt 0:04:28] White has an edge.} Nf6 10. Bg5 h6 11. Be3 Nc6 12. h3 Ne7 13. Qd2 Nf5 14. Bf4 g5 15. Be5 b6 16. Rad1 Bb7 17. Qd3 a6 (17... Qd7 $11) 18. Ne1 b5 19. Bf3 Nd5 20. Nxd5 Bxd5 21. b3 {[%emt 0:01:53] Dodges Bc4} Nd6 (21... Bxe5 $11 22. dxe5 Bxf3 23. Qxf3 Qe7) 22. c3 $14 f6 23. Bh2 (23. Bxd5 {simplifies} exd5 24. Bxd6 Qxd6 25. Qf3) 23... f5 24. Be5 Ne4 (24... Bxe5 $14 25. Bxd5 (25. dxe5 Ne4 $16) 25... Bh2+ 26. Kxh2 exd5) 25. Nc2 (25. c4 $16 Bc6 26. Bxg7 Kxg7 27. d5 exd5 28. cxd5) 25... Bb7 ({Black should try} 25... Bxe5 $14 26. dxe5 Qe8) 26. Bxg7 $16 Kxg7 27. c4 Qf6 28. Ne3 b4 29. Bxe4 Bxe4 30. Qd2 a5 31. d5 exd5 32. cxd5 Qc3 {[%emt 0:01:44] [#] Repels Rc1} (32... f4 $1 $14 33. Ng4 Qc3) 33. Qd4+ ({Better is} 33. Qe2 $1 $16) 33... Qxd4 $14 34. Rxd4 c5 35. dxc6 Bxc6 36. Rc1 Rac8 {[%emt 0:05:36] [#]} 37. Rc5 $1 Be4 38. Rxa5 {[%emt 0:01:50] White is more active.} Ra8 39. Rxa8 Rxa8 $16 {[%emt 0:00:04][%mdl 4096] Endgame. KRB-KRN} 40. f3 Bb1 41. Rxb4 Rxa2 42. Rb7+ Kf6 43. Nd5+ Ke5 44. Nc3 Rb2 45. Nxb1 Rxb1+ $11 {[%emt 0:00:05] KR-KR. The position is equal.} 46. Kh2 h5 47. h4 gxh4 48. b4 Kf4 49. Rh7 h3 50. g3+ Kxf3 51. Rxh5 Rxb4 52. Rxf5+ Kg4 $1 53. Rf4+ Rxf4 54. gxf4 Kxf4 55. Kxh3 {[%emt 0:00:00] Weighted Error Value: White=0.15 (very precise) /Black=0.16 (very precise) .  Mistake:       	White=2     	Black=5      Inaccurate:     	White=7     	Black=4      OK:         	White=18    	Black=21     Best:        	White=2     	Black=3      Strong:       	White=1     	Black=1} 1/2-1/2

[Event "Czech Extraliga 2023-24"]
[Site "Czech Republic"]
[Date "2024.04.07"]
[Round "11.6"]
[White "Slovak, Kilian"]
[Black "Kraus, Tomas"]
[Result "0-1"]
[ECO "B32"]
[WhiteElo "2289"]
[BlackElo "2484"]
[Annotator "TA"]
[PlyCount "46"]
[EventDate "2023.10.14"]
[EventCountry "CZE"]
[SourceTitle "playchess.com"]
[Source "ChessBase"]
[SourceQuality "1"]
[TimeControl "40/5400+30:1800+30"]

1. e4 c5 2. Nf3 Nc6 3. d4 cxd4 4. Nxd4 e5 5. Nb5 d6 6. N1c3 a6 7. Na3 Be6 8. Nd5 Nf6 9. Nxf6+ (9. Bg5 $11) 9... Qxf6 $15 10. Be3 Qg6 11. f3 {[%emt 0:02:35] Black is slightly better.} Rd8 $1 12. c4 Be7 {[%emt 0:02:00] Black is more active.} 13. Qc2 {[%emt 0:10:04] [#]} (13. g3 $17) 13... O-O $1 $19 14. Qf2 (14. g3 $17) 14... f5 15. Bd3 Nb4 {[%emt 0:08:15] Wards off Nc2} 16. Bb1 {[%emt 0:00:45] [#]} fxe4 {[%emt 0:00:31] ...d5 would now be deadly.} 17. Bxe4 {[%emt 0:02:20] [#]} (17. O-O d5 (17... Rxf3 $2 18. Qxf3 exf3 19. Bxg6 $17) 18. cxd5 Bxd5 (18... Rxf3 19. Qxf3 exf3 20. Bxg6 $17) 19. Qg3) 17... Qxe4 $1 18. fxe4 Nd3+ 19. Ke2 Nxf2 20. Bxf2 Bg4+ 21. Ke1 Rf4 22. Nc2 (22. Bb6 {might work better.}) 22... Rxe4+ 23. Be3 Rxc4 {[%emt 0:00:00] White did not feel at home in the position after the opening.   Weighted Error Value: White=0.74/Black=0.16 (very precise) .  Mistake:       	White=4     	---        Inaccurate:     	White=2     	Black=1      OK:         	White=3     	Black=7      Best:        	---       	Black=2      Strong:       	---       	Black=2      Brilliant:      	---       	Black=1} 0-1

[Event "Czech Extraliga 2023-24"]
[Site "Czech Republic"]
[Date "2024.04.07"]
[Round "11.7"]
[White "Baklan, Vladimir"]
[Black "Danada, Tomas"]
[Result "1-0"]
[ECO "B30"]
[WhiteElo "2531"]
[BlackElo "2195"]
[Annotator "TA"]
[PlyCount "65"]
[EventDate "2023.10.14"]
[EventCountry "CZE"]
[SourceTitle "playchess.com"]
[Source "ChessBase"]
[SourceQuality "1"]
[TimeControl "40/5400+30:1800+30"]

1. e4 c5 2. Nf3 Nc6 3. Bb5 e6 4. O-O Nge7 5. c3 a6 6. Ba4 b5 7. Bc2 c4 8. b4 ({White should play} 8. d3 $14) 8... Ng6 (8... a5 $11) 9. a4 $1 $14 {[%emt 0:00:04] axb5 would now be deadly.} Rb8 {[%emt 0:01:55] White is slightly better.} 10. axb5 axb5 11. d3 cxd3 12. Bxd3 (12. Qxd3 Be7 $14) 12... Nge5 ({Better is} 12... Be7) 13. Nxe5 $16 Nxe5 14. Na3 Nxd3 15. Qxd3 Qb6 (15... Ba6 $16 16. Bf4 Rb6) 16. Bf4 $18 d6 (16... Rb7 $142 17. Rfb1 d5) 17. c4 {[%emt 0:00:06] Hoping for c5.} e5 18. Be3 bxc4 (18... Qd8 $142 19. cxb5 (19. Nxb5 Be7 $18) 19... Be7) 19. Nxc4 Qd8 {[%emt 0:00:45] [#]} 20. b5 $1 Be7 (20... Bb7 21. Ra7) 21. Ba7 Rb7 22. b6 Rd7 23. Bb8 {[%emt 0:00:19] Threatens to win with Ra7.} O-O 24. Ra7 d5 25. Nxe5 (25. Rxd7 $6 Qxd7 26. exd5 (26. Qxd5 Qxd5 27. exd5 Ba6 $16) 26... e4 $18) 25... dxe4 26. Qb1 (26. Qxe4 Rd1 $14) 26... Rxa7 {[%emt 0:05:21] [#]} (26... Rb7 27. Bc7 (27. Nc6 Qe8 $16) 27... Qxc7 28. bxc7 Rxa7) 27. bxa7 {[%emt 0:00:59] White is winning.} Qd5 28. Rd1 {[%emt 0:03:32][%cal Bf1d1,Bd1d7,Bd7b7,Bb7b1][%mdl 32] Against e3} Qa8 29. Nd7 Bxd7 30. Rxd7 Bc5 31. Qb7 Qxb7 32. Rxb7 Rd8 33. Rb1 {[%emt 0:01:39] Against Rd1+. Black did not feel at home in the position after the opening.   Weighted Error Value: White=0.15 (very precise) /Black=0.35.  Mistake:       	White=1     	Black=6      Inaccurate:     	White=1     	Black=1      OK:         	White=12    	Black=11     Best:        	---       	Black=1      Strong:       	White=1     	---} (33. a8=B $2 Rd1#) 1-0

[Event "Czech Extraliga 2023-24"]
[Site "Czech Republic"]
[Date "2024.04.07"]
[Round "11.7"]
[White "Kriebel, Tadeas"]
[Black "Jirovsky, Milos"]
[Result "1-0"]
[ECO "D36"]
[WhiteElo "2512"]
[BlackElo "2450"]
[Annotator "TA"]
[PlyCount "81"]
[EventDate "2023.10.14"]
[EventCountry "CZE"]
[SourceTitle "playchess.com"]
[Source "ChessBase"]
[SourceQuality "1"]
[TimeControl "40/5400+30:1800+30"]

1. d4 d5 2. c4 e6 3. Nc3 Nf6 4. cxd5 exd5 5. Bg5 c6 6. e3 Be7 7. Bd3 Nbd7 8. Qc2 O-O 9. Nf3 Re8 10. O-O Nf8 11. h3 Be6 12. Ne5 N6d7 13. Bxe7 Rxe7 14. f4 f6 {[%emt 0:04:01] The position is equal.} 15. Nf3 Bf7 16. Rae1 Nb6 17. g4 Qc7 18. Qf2 Nc8 19. Kh1 Nd6 20. Rg1 Ne4 21. Bxe4 dxe4 22. Nh4 (22. Nd2 {simplifies} Rae8 23. Nf1 c5 24. dxc5 Qxc5 25. Ng3) 22... g6 $1 23. Nf5 Ree8 {[%emt 0:13:54] [#] White leaves nothing to chance now.} (23... gxf5 $11 24. gxf5+ Kh8) 24. Qh4 $1 $18 Qd8 (24... Qd7 25. Qxf6) 25. Qh6 gxf5 $2 (25... Ne6 26. Rd1 Kh8) 26. gxf5+ Bg6 27. fxg6 hxg6 28. Rxg6+ Nxg6 29. Qxg6+ Kf8 {[%emt 0:00:05] Black is weak on the dark squares} 30. Rg1 Ke7 31. Qh7+ (31. Qxe4+ Kd6 32. Qh7 Rxe3 $14) 31... Ke6 (31... Kd6 $142 32. Rg7 (32. Qxb7 Qd7 $11) (32. Nxe4+ Rxe4 33. Qxe4 Qd7 $18) 32... Rc8 33. Nxe4+ Rxe4 34. Qxe4 Rc7) 32. Nxe4 {[%emt 0:25:21][%cal Bc3e4,Be4f6,Bf6d7][%mdl 32] White wants to mate with Nc5+.} ({Not} 32. Qxb7 Qd7 33. f5+ (33. Qb3+ Kd6 $18) 33... Kd6 34. Qb4+ (34. Nxe4+ $2 Rxe4 35. Qb4+ Kc7 $19) 34... Kc7 $16) 32... Re7 33. f5+ Kd5 34. Nxf6+ Kc4 {[%emt 0:00:22] [#]} 35. Qh5 Rxe3 (35... Kb4 36. Qf3 Rf7) 36. Qf7+ Kxd4 37. Rg4+ Kc5 38. Nd7+ (38. Qxb7 {gets mated.} Qd1+ (38... Rxh3+ 39. Kg2 $11) 39. Kh2 Qd6+ 40. Kg1 Re1+ 41. Kf2 Qd2+ 42. Kg3 Rg1+ 43. Kh4 Rh8+) 38... Kd6 39. Rd4+ Kc7 40. Nc5+ Kb6 41. Qxb7+ {Weighted Error Value: White=0.54/Black=0.69.  Loses game:     	---       	Black=1      Mistake:       	---       	Black=3      Inaccurate:     	White=3     	Black=1      OK:         	White=7     	Black=5      Best:        	White=2     	Black=2      Strong:       	White=1     	Black=1} 1-0

[Event "Czech Extraliga 2023-24"]
[Site "Czech Republic"]
[Date "2024.04.07"]
[Round "11.7"]
[White "Velicka, Petr"]
[Black "Jurcik, Martin"]
[Result "1/2-1/2"]
[ECO "E01"]
[WhiteElo "2369"]
[BlackElo "2359"]
[Annotator "RC"]
[PlyCount "41"]
[EventDate "2023.10.14"]
[EventCountry "CZE"]
[SourceTitle "playchess.com"]
[Source "ChessBase"]
[SourceQuality "1"]
[TimeControl "40/5400+30:1800+30"]

1. Nf3 Nf6 2. c4 e6 3. g3 d5 4. d4 Bb4+ 5. Bd2 Bd6 6. Bg5 Nbd7 7. Bg2 c6 8. Nbd2 h6 9. Bxf6 Nxf6 10. O-O O-O 11. Qc2 b6 12. e4 Be7 13. e5 Nd7 14. cxd5 cxd5 15. Rfc1 Ba6 16. Bf1 Bxf1 17. Nxf1 Rc8 18. Qd1 Nb8 19. Rxc8 Qxc8 20. Rc1 Qa6 21. a3 1/2-1/2

[Event "Czech Extraliga 2023-24"]
[Site "Czech Republic"]
[Date "2024.04.07"]
[Round "11.7"]
[White "Mica, Marek"]
[Black "Kaczur, Florian"]
[Result "0-1"]
[ECO "E20"]
[WhiteElo "2364"]
[BlackElo "2532"]
[Annotator "TA"]
[PlyCount "136"]
[EventDate "2023.10.14"]
[EventCountry "CZE"]
[SourceTitle "playchess.com"]
[Source "ChessBase"]
[SourceQuality "1"]
[TimeControl "40/5400+30:1800+30"]

1. Nf3 Nf6 2. c4 e6 3. Nc3 Bb4 4. g3 O-O 5. Bg2 d5 6. a3 Be7 7. d4 Nc6 8. O-O dxc4 9. Qa4 {[%emt 0:03:21] Dodges Na5} Nxd4 10. Nxd4 Qxd4 11. Rd1 {[%emt 0:00:40] Black is slightly better.} Qb6 12. Qxc4 c6 13. Be3 Qc7 (13... Qxb2 $2 14. Ra2 $18) 14. b4 a6 15. Rd2 e5 16. Na4 Be6 17. Qc3 Rae8 18. Bb6 Qc8 19. e4 Nd7 20. Rad1 f6 21. Bf1 Kh8 (21... Rf7 $11) 22. Bc4 Bxc4 23. Rxd7 (23. Qxc4 $11 Nxb6 24. Nxb6) 23... Be2 {[%emt 0:00:13] A strong pair of Bishops.} 24. R1d2 Bg4 25. Rc7 Qe6 (25... Qb8 $15 26. Nc5 Bxc5 27. bxc5 Rc8) 26. Rxb7 $11 Rf7 (26... f5 $11) 27. Bc5 (27. Rc7 $142 Rff8 28. Rxc6) 27... Bd8 $16 {[%emt 0:00:41] Black is weak on the dark squares} 28. Rxf7 Qxf7 29. Qd3 {[%emt 0:00:38] Strongly threatening Qxd8.} h5 30. f3 (30. Qxa6 $16 Kh7 31. Kg2 (31. Qxc6 Qc4 $11)) 30... Bh3 $11 31. Bf2 a5 32. Nc5 axb4 33. axb4 Bb6 34. Qb3 Qe7 35. Qc4 (35. Nd3 {seems wilder.} Qa7 36. Bxb6 Qxb6+ 37. Nf2) 35... Rd8 36. Rxd8+ Qxd8 37. Qd3 Qa8 38. Qa6 Qd8 39. Qd3 Qg8 40. Nb3 Qb8 41. Nc5 Ba7 42. Qc4 (42. Qd2 $11) 42... Qd6 (42... Bxc5 $1 $17 43. Qxc5 Qa8) 43. Nd3 Qd7 44. Bc5 Bxc5+ 45. bxc5 {[%emt 0:00:21][%mdl 4096] Endgame. KQB-KQN} Be6 46. Qc3 Qa7 47. Kf2 Qa2+ 48. Qb2 Qc4 49. Ke3 Kh7 50. f4 exf4+ 51. gxf4 Bc8 52. f5 Ba6 53. Qe2 Kg8 54. Qd2 Qb3 55. h4 Kf7 56. Kd4 Qc4+ 57. Ke3 Qb3 58. Kd4 Qa4+ 59. Ke3 Qa3 60. Kd4 Qa1+ 61. Qb2 Qg1+ 62. Nf2 $2 ({Better is} 62. Kc3 $1 $11 Bxd3 63. Qa2+ Ke7 64. Qe6+ Kf8 65. Qc8+ Kf7 66. Qe6+ Kf8 67. Qc8+ Kf7 68. Qd7+ Kg8 69. Qe8+ Kh7 70. Qxh5+ Kg8 71. Qe8+ Kh7 72. Qh5+ Kg8 73. Qe8+ Kh7 74. Qh5+) 62... Ke7 ({Black should try} 62... Qg3 $17 {( -> ...Qe5+)} 63. Qd2 (63. Qa2+ $2 Kf8 $19) 63... Kg8 (63... Qxh4 64. Qa2+ Ke7 65. Nd3 $11)) 63. Qa2 $15 Kf8 $1 {[%emt 0:01:22][%cal Og1g3] Threatens to win with ...Qg3! Active counter play!} 64. Qb2 (64. Kc3 $15 Qg3+ 65. Kb4 Qb8+ (65... Qxh4 66. Qxa6 Qxf2 67. Qxc6 $11) 66. Kc3) 64... Kg8 $1 $17 65. Qb3+ {[%emt 0:00:26] [#]} Kh8 $1 66. Qf3 {[%emt 0:00:32] [#]} Qa1+ $1 67. Qc3 Qf1 68. Qc2 (68. Qg3 $17) 68... Qg1 {[%emt 0:00:57] Weighted Error Value: White=0.13 (very precise) /Black=0.14 (very precise) .  Mistake:       	White=7     	Black=5      Inaccurate:     	White=3     	Black=3      OK:         	White=31    	Black=18     Best:        	White=3     	Black=2      Strong:       	---       	Black=2} 0-1

[Event "Czech Extraliga 2023-24"]
[Site "Czech Republic"]
[Date "2024.04.07"]
[Round "11.7"]
[White "Konopka, Michal"]
[Black "Kusa, Jakub"]
[Result "1/2-1/2"]
[ECO "D37"]
[WhiteElo "2346"]
[BlackElo "2350"]
[Annotator "RC"]
[PlyCount "25"]
[EventDate "2023.10.14"]
[EventCountry "CZE"]
[SourceTitle "playchess.com"]
[Source "ChessBase"]
[SourceQuality "1"]
[TimeControl "40/5400+30:1800+30"]

1. d4 d5 2. Nf3 e6 3. c4 a6 4. cxd5 exd5 5. Nc3 Nf6 6. Bg5 Be6 7. e3 Nbd7 8. Bd3 Bd6 9. O-O c6 10. Bf4 Qc7 11. Qd2 O-O 12. h3 Rfe8 13. Bxd6 1/2-1/2

[Event "Czech Extraliga 2023-24"]
[Site "Czech Republic"]
[Date "2024.04.07"]
[Round "11.7"]
[White "Studnicka, Tomas"]
[Black "Svanda, Ondrej"]
[Result "0-1"]
[ECO "D02"]
[WhiteElo "2262"]
[BlackElo "2396"]
[Annotator "TA"]
[PlyCount "94"]
[EventDate "2023.10.14"]
[EventCountry "CZE"]
[SourceTitle "playchess.com"]
[Source "ChessBase"]
[SourceQuality "1"]
[TimeControl "40/5400+30:1800+30"]

1. d4 d5 2. Nf3 Nf6 3. Bf4 e6 4. e3 c5 5. c3 Nc6 6. Nbd2 Nh5 7. Bg5 f6 8. Bh4 g6 9. Bd3 {[%emt 0:03:34][%cal Of3e5] The position is equal.} Be7 10. O-O O-O 11. dxc5 a5 12. c4 (12. a3 $14) 12... d4 $1 $11 13. Ne4 dxe3 14. fxe3 e5 (14... f5 $11 15. Bxe7 Qxe7) 15. Be2 Be6 {[%emt 0:12:38] Wards off Qd5} 16. Qxd8 ({White should try} 16. Qb3 $14) 16... Raxd8 17. Rad1 g5 $1 {[%emt 0:07:22] ...Rxd1 would now be deadly.} 18. Bf2 g4 19. Nfd2 f5 {[%emt 0:00:30] [#]} 20. Nd6 b6 (20... Ng7 21. Nb1) 21. e4 $2 (21. Nb5 $14 Bxc5 22. Nb3) 21... Nf4 $17 {[%emt 0:00:00] Black converts the advantage convincingly.} 22. Rfe1 Nxe2+ 23. Rxe2 f4 24. Nf5 (24. Ree1 $17) 24... Bxc5 $19 (24... bxc5 25. Nxe7+ Nxe7 26. Bxc5 $11) 25. Bxc5 bxc5 26. Rc1 {[%emt 0:01:00] [#]} a4 $1 {[%emt 0:00:00][%cal Og8f7] Dodges Nb3} 27. b3 Rd3 28. bxa4 $2 (28. Nb1 {keeps fighting.}) 28... Bxf5 29. exf5 Nd4 {[%emt 0:02:00] Prevents Nb3} ({Weaker is} 29... Rxf5 30. Nb3 $17) 30. Kf1 Nxe2 31. Kxe2 {[%emt 0:01:00][%mdl 4096] Endgame. KRR-KRN} Re3+ 32. Kf2 Ra8 33. Nb3 Rxa4 34. Rc2 Re4 35. Nxc5 Rexc4 36. Rxc4 Rxc4 {[%emt 0:00:00] KR-KN} 37. Nd7 Rc2+ 38. Kf1 h5 39. Nxe5 Kg7 40. Nd3 Rc4 41. g3 fxg3 {[%emt 0:29:57] Black mates.} 42. hxg3 Kf6 43. Nf4 h4 44. Nd5+ Ke5 (44... Kxf5 $2 {too greedy.} 45. Ne3+ (45. gxh4 Ke4 $19) 45... Kg6 46. Nxc4 $18) 45. Ne3 Re4 46. Ng2 h3 47. Nh4 Ra4 {[%emt 0:00:00] Weighted Error Value: White=0.57/Black=0.05 (flawless) .  Mistake:       	White=5     	Black=1      Inaccurate:     	White=1     	---        OK:         	White=7     	Black=11     Best:        	White=1     	Black=5      Strong:       	---       	Black=2} 0-1

[Event "Czech Extraliga 2023-24"]
[Site "Czech Republic"]
[Date "2024.04.07"]
[Round "11.8"]
[White "Hollan, Martin"]
[Black "Rodshtein, Tereza"]
[Result "1-0"]
[ECO "D28"]
[WhiteElo "2345"]
[BlackElo "2184"]
[Annotator "RC"]
[PlyCount "81"]
[EventDate "2023.10.14"]
[EventCountry "CZE"]
[SourceTitle "playchess.com"]
[Source "ChessBase"]
[SourceQuality "1"]
[TimeControl "40/5400+30:1800+30"]

1. d4 d5 2. c4 dxc4 3. Nf3 Nf6 4. e3 e6 5. Bxc4 c5 6. O-O Nc6 7. Qe2 a6 8. Rd1 b5 9. dxc5 Qc7 10. Bd3 Bxc5 11. a4 b4 12. Nbd2 O-O 13. Nb3 Ba7 14. Bd2 e5 15. Ng5 h6 16. Ne4 Nxe4 17. Bxe4 Be6 18. Rdc1 Bxb3 19. Bxc6 Rac8 20. Bd5 Bc2 21. Bb3 Bxb3 22. Rxc7 Rxc7 23. Bxb4 Rfc8 24. Bc3 Rc4 25. h3 Bxa4 26. Bxe5 Bb5 27. Qd1 Bb6 28. b3 R4c6 29. Qg4 g6 30. Rd1 Re8 31. Ba1 Rce6 32. Qb4 Bc7 33. Rc1 Be5 34. Bxe5 Rxe5 35. Rc7 Rd8 36. Qc3 Rf5 37. e4 Rf4 38. Rc8 Rxc8 39. Qxc8+ Kg7 40. Qc3+ Kh7 41. f3 1-0

[Event "Czech Extraliga 2023-24"]
[Site "Czech Republic"]
[Date "2024.04.07"]
[Round "11.8"]
[White "Vrana, Jan"]
[Black "Havelka, Josef"]
[Result "1-0"]
[ECO "B22"]
[WhiteElo "2338"]
[BlackElo "2380"]
[Annotator "RC"]
[PlyCount "75"]
[EventDate "2023.10.14"]
[EventCountry "CZE"]
[SourceTitle "playchess.com"]
[Source "ChessBase"]
[SourceQuality "1"]
[TimeControl "40/5400+30:1800+30"]

1. e4 c5 2. c3 Nf6 3. e5 Nd5 4. d4 cxd4 5. Nf3 Nc6 6. cxd4 d6 7. Bc4 Nb6 8. Bb5 Bd7 9. Nc3 dxe5 10. d5 Nb4 11. Nxe5 Bxb5 12. Nxb5 Rc8 13. O-O Qxd5 14. Nxa7 Qxe5 15. Nxc8 Nxc8 16. Bf4 Qb5 17. Qb3 Na7 18. Rfd1 e6 19. Be3 Qa6 20. Bxa7 Qxa7 21. a3 Nd5 22. Qb5+ Ke7 23. Rac1 Qb8 24. Rd3 h5 25. Re1 Kd6 26. Qa4 g5 27. Qd4 Be7 28. Qe5+ Kc6 29. Rxd5 exd5 30. Qxe7 Qf4 31. g3 Qd2 32. Qf6+ Kb5 33. Re7 Rb8 34. Qd6 Rc8 35. Rxb7+ Kc4 36. Rb4+ Kd3 37. Qxd5+ Kc2 38. Qf5+ 1-0

[Event "Czech Extraliga 2023-24"]
[Site "Czech Republic"]
[Date "2024.04.07"]
[Round "11.8"]
[White "Simek, Petr"]
[Black "Malik, Jan"]
[Result "1/2-1/2"]
[ECO "D13"]
[WhiteElo "2298"]
[BlackElo "2260"]
[Annotator "RC"]
[PlyCount "39"]
[EventDate "2023.10.14"]
[EventCountry "CZE"]
[SourceTitle "playchess.com"]
[Source "ChessBase"]
[SourceQuality "1"]
[TimeControl "40/5400+30:1800+30"]

1. d4 d5 2. c4 c6 3. cxd5 cxd5 4. Bf4 Nc6 5. e3 Nf6 6. Nc3 a6 7. Be2 Bf5 8. Nf3 e6 9. Qb3 Ra7 10. O-O Be7 11. Rfc1 Nd7 12. a3 O-O 13. Qd1 Qa8 14. Na4 b5 15. Nc5 Nxc5 16. dxc5 Bg4 17. Bg3 Rd8 18. Rc2 Bf6 19. Bd6 Na5 20. Ra2 1/2-1/2

[Event "Czech Extraliga 2023-24"]
[Site "Czech Republic"]
[Date "2024.04.07"]
[Round "11.8"]
[White "Obsivac, Josef"]
[Black "Pachmann, Ales"]
[Result "0-1"]
[ECO "E71"]
[WhiteElo "2280"]
[BlackElo "2344"]
[Annotator "RC"]
[PlyCount "94"]
[EventDate "2023.10.14"]
[EventCountry "CZE"]
[SourceTitle "playchess.com"]
[Source "ChessBase"]
[SourceQuality "1"]
[TimeControl "40/5400+30:1800+30"]

1. d4 Nf6 2. c4 g6 3. Nc3 Bg7 4. e4 O-O 5. Be3 d6 6. h3 Nfd7 7. g4 c5 8. d5 Qb6 9. Qd2 Qb4 10. Rc1 f5 11. exf5 gxf5 12. f4 Nf6 13. Bd3 e6 14. gxf5 exd5 15. cxd5 Nbd7 16. Nf3 Nb6 17. a3 Qb3 18. Ng5 Re8 19. Ne6 Nbxd5 20. Nd1 Bxe6 21. fxe6 Nxe3 22. Nxe3 Qxe6 23. Kf2 Ne4+ 24. Bxe4 Bd4 25. Kg3 Qxe4 26. Ng4 Kh8 27. Rhf1 Qe2 28. Qxe2 Rxe2 29. b4 h5 30. Nh6 Rf8 31. Kh4 Re3 32. bxc5 dxc5 33. Rc2 Kh7 34. Ng4 hxg4 35. hxg4 Rxa3 36. g5 Re8 37. Rh2 b5 38. Kg4+ Kg8 39. f5 Re4+ 40. Kh5 Rg3 41. Kg6 Reg4 42. Rh5 Be3 43. Re1 Rxg5+ 44. Rxg5 Rxg5+ 45. Kf6 Rg3 46. Ke7 Rg7+ 47. Ke8 Bd4 0-1

[Event "Czech Extraliga 2023-24"]
[Site "Czech Republic"]
[Date "2024.04.07"]
[Round "11.8"]
[White "Michalek, Jan"]
[Black "Rabatin, Jakub"]
[Result "0-1"]
[ECO "B23"]
[WhiteElo "2247"]
[BlackElo "2293"]
[Annotator "RC"]
[PlyCount "102"]
[EventDate "2023.10.14"]
[EventCountry "CZE"]
[SourceTitle "playchess.com"]
[Source "ChessBase"]
[SourceQuality "1"]
[TimeControl "40/5400+30:1800+30"]

1. e4 c5 2. Nc3 a6 3. g3 b5 4. Bg2 Bb7 5. d3 e6 6. f4 d5 7. Qe2 Be7 8. Nf3 Nc6 9. O-O Nd4 10. Nxd4 cxd4 11. Nd1 dxe4 12. dxe4 Rc8 13. Qd3 Qb6 14. Bd2 Nf6 15. Nf2 O-O 16. Rac1 Rfd8 17. Qe2 Rd7 18. Kh1 b4 19. Rfd1 a5 20. Be1 a4 21. Nd3 Qa6 22. Bf3 Qa8 23. Bxb4 Bxb4 24. Nxb4 Nxe4 25. Kg2 a3 26. Qb5 Nc3 27. Qxb7 Rxb7 28. bxc3 Qb8 29. Rxd4 Rb6 30. Rcd1 g6 31. Nc6 Rbxc6 32. Bxc6 Qb2 33. Ba4 Qxa2 34. Rd8+ Rxd8 35. Rxd8+ Kg7 36. Bb3 Qb2 37. Ra8 Qxc3 38. Rxa3 Qc6+ 39. Kh3 Qh1 40. Bc4 g5 41. fxg5 Qc1 42. Ra7 Qxg5 43. Bd3 Qh5+ 44. Kg2 Qd5+ 45. Kh3 e5 46. Re7 Qd6 47. Ra7 Qh6+ 48. Kg2 Qc6+ 49. Kh3 e4 50. Be2 Qh6+ 51. Kg2 Qe3 0-1

[Event "Czech Extraliga 2023-24"]
[Site "Czech Republic"]
[Date "2024.04.07"]
[Round "11.8"]
[White "Gnida, Patrik"]
[Black "Cerveny, Martin"]
[Result "0-1"]
[ECO "E12"]
[WhiteElo "2216"]
[BlackElo "2382"]
[Annotator "RC"]
[PlyCount "104"]
[EventDate "2023.10.14"]
[EventCountry "CZE"]
[SourceTitle "playchess.com"]
[Source "ChessBase"]
[SourceQuality "1"]
[TimeControl "40/5400+30:1800+30"]

1. d4 Nf6 2. Nf3 e6 3. c4 b6 4. a3 Bb7 5. Nc3 d5 6. cxd5 exd5 7. Bg5 Be7 8. e3 O-O 9. Bd3 Ne4 10. Bxe7 Qxe7 11. Bxe4 dxe4 12. Nd2 Nd7 13. O-O c5 14. Nb3 Ba6 15. Re1 Rad8 16. Qh5 f5 17. dxc5 bxc5 18. Rad1 Qe6 19. Rd5 Qb6 20. Qd1 Nf6 21. Rd2 Rxd2 22. Nxd2 Qxb2 23. Qb3+ Qxb3 24. Nxb3 Bc4 25. Nxc5 Rc8 26. N3a4 Bb5 27. h3 Kf7 28. Nb7 Ke7 29. Nac5 Rc6 30. Rc1 Nd7 31. Nb3 Rxc1+ 32. Nxc1 Ba6 33. Na5 Kd6 34. Ncb3 Ne5 35. Kh2 Kd5 36. Kg3 g5 37. h4 h6 38. Nd4 f4+ 39. Kh2 Ng4+ 40. Kg1 fxe3 41. fxe3 Nxe3 42. hxg5 hxg5 43. Ndc6 Bd3 44. Nxa7 Nc2 45. N7c6 e3 46. Nb4+ Nxb4 47. axb4 g4 48. g3 Kd4 49. Nb3+ Kc3 50. Nc5 Bc2 51. Ne6 e2 52. Kf2 Kd2 0-1